 Dungeon Crawl Stone Soup version 0.20.1-1-g8b1a95d (webtiles) character file.

86 Lysie the Poker (level 4, 12/33 HPs)
             Began as a Merfolk Skald on Oct 11, 2017.
             Quit the game on level 2 of the Dungeon on Oct 12, 2017.
             The game lasted 00:11:05 (2385 turns).

Lysie the Poker (Merfolk Skald)                     Turns: 2385, Time: 00:11:06

Health: 12/33      AC:  3    Str: 12    XL:     4   Next: 50%
Magic:  7/7        EV: 12    Int: 12    God:
Gold:   155        SH:  0    Dex: 13    Spells: 4/7 levels left

rFire    . . .     SeeInvis .   a - +0 spear
rCold    . . .     Gourm    .   (no shield)
rNeg     . . .     Faith    .   b - +0 leather armour
rPois    .         Spirit   .   (no helmet)
rElec    .         Reflect  .   (no cloak)
rCorr    .         Harm     .   (no gloves)
MR       .....                  (no boots)
Stlth    +.........             (no amulet)
Regen    0.2/turn               (no ring)
MPRegen  0.1/turn               (no ring)

@: no status effects
A: change form in water, swift swim, stealthy swim
a: no special abilities


You were on level 2 of the Dungeon.
You were not hungry.

You visited 1 branch of the dungeon, and saw 3 of its levels.

You collected 155 gold pieces.

Inventory:

Hand Weapons
 a - a +0 spear (weapon)
Armour
 b - a +0 leather armour (worn)
Scrolls
 f - a scroll of remove curse
 j - a scroll of blinking {unknown}
 k - a scroll of enchant armour {unknown}
 l - a scroll of teleportation {unknown}
Potions
 i - a potion of agility
 m - a potion of mutation {unknown}
Books
 c - a book of Battle

   Spells                             Type                      Level
   a - Infusion                       Charms                       1
   b - Shroud of Golubria             Charms/Translocation         2
   c - Song of Slaying                Charms                       2
   d - Spectral Weapon                Hexes/Charms                 3
   e - Regeneration                   Charms/Necromancy            3
 h - a book of Minor Magic

   Spells                             Type                      Level
   a - Magic Dart                     Conjuration                  1
   b - Blink                          Translocation                2
   c - Call Imp                       Summoning                    2
   d - Slow                           Hexes                        2
   e - Conjure Flame                  Conjuration/Fire             3
   f - Mephitic Cloud                 Conjuration/Poison/Air       3
Comestibles
 d - 2 bread rations
 g - 2 fruits
 n - a meat ration


   Skills:
 - Level 2.1 Fighting
 * Level 6.4 Polearms
 - Level 0.6 Armour
 - Level 2.6 Dodging
 - Level 2.0 Spellcasting
 + Level 3.5 Charms


You had 4 spell levels left.
You knew the following spells:

 Your Spells              Type           Power        Failure   Level  Hunger
a - Infusion              Chrm           #...         8%          1    ##.....
b - Blink                 Tloc           N/A          45%         2    ###....


Dungeon Overview and Level Annotations

Branches:
Dungeon (3/15)

Altars:
Kikubaaqudgha

Annotations:
D:3 nano's ghost, amateur OpSk


Message History

The worm is heavily wounded.
You barely miss the worm.
The worm is heavily wounded.
The worm bites you.
You hit the worm.
The worm is heavily wounded.
You hit the worm.
The worm is almost dead.
The worm bites you.
You hit the worm.
The worm is almost dead.
You hit the worm but do no damage.
The worm is almost dead.
The worm bites you!
You are too injured to fight recklessly!
You are too injured to fight recklessly!
You are too injured to fight recklessly!
You hit the worm.
You kill the worm!
Are you sure you want to abandon this character and quit the game? (Confirm with "yes".)

..##.#.#...#.###.######.).#.###.#
.......#..............+...#.# #.#
..##.#.#.............##...#.# #..
..<#.#.#....#....#...##...#.#####
.........#.##..#.#...####.#......
..####...........#...####.#######
###.........)....#........#......
#.#####.####...#....#####.#####
###.#...........@#....# #(#
........#..####..#....# #.#
###.######.......#....# #.#
#.............>#....# #.#
#################'#.# #.#
#.#.#####.### #.#.........###
#.#####........ #.#.#.....#.###


There were no monsters in sight!

Vanquished Creatures
  3 adders (D:2)
  A worm (D:2)
  A dart slug (D:2)
  A leopard gecko (D:1)
  2 bat zombies (D:2)
  2 giant cockroaches (D:2)
  6 hobgoblins
  2 jackals (D:2)
  5 kobolds
  A quokka (D:2)
  A ball python (D:1)
  6 bats
  6 frilled lizards
  10 goblins
  3 rats (D:2)
  2 rat zombies (D:2)
52 creatures vanquished.

Notes
Turn   | Place    | Note
-------+----------+-------------------------------------------
     0 | D:1      | Lysie the Merfolk Skald began the quest for the Orb.
     0 | D:1      | Reached XP level 1. HP: 16/16 MP: 3/3
   135 | D:1      | Reached skill level 4 in Polearms
   135 | D:1      | Reached XP level 2. HP: 14/22 MP: 5/5
   949 | D:2      | Reached XP level 3. HP: 24/27 MP: 6/6
   960 | D:2      | Learned a level 2 spell: Blink
  1032 | D:2      | Reached skill level 5 in Polearms
  1767 | D:2      | Reached XP level 4. HP: 30/33 MP: 7/7
  1786 | D:2      | Found an ancient bone altar of Kikubaaqudgha.
  1860 | D:2      | Reached skill level 6 in Polearms
  2208 | D:3      | Noticed nano's ghost (amateur OpSk)
  2385 | D:2      | Quit the game

Skill      XL: |  1  2  3  4 |
---------------+-------------+-----
Polearms       | 4 5 6 |  6.4
Fighting       | |  2.1
Armour         | |  0.6
Dodging        | |  2.6
Spellcasting   | |  2.0
Charms         | |  3.5

Action                   |  1- 3 |  4- 6 || total
-------------------------+-------+-------++-------
Melee: Spear             |   151 |    78 ||   229
 Cast: Infusion          |     4 |     2 ||     6
       Blink             |     3 |     3 ||     6
  Use: Scroll            |     2 |     1 ||     3
       Potion            |     2 |       ||     2
 Stab: Sleeping          |     1 |       ||     1
  Eat: Bread ration      |     1 |       ||     1
       Chunk             |     1 |       ||     1
Armor: Leather armour    |    29 |    18 ||    47
Dodge: Dodged            |    76 |    26 ||   102
